 Dungeon Crawl Stone Soup version 0.31-a0-233-g139696dc86 (webtiles) character file.

Game seed: 10430983536485199992

877 qw the Skirmisher (level 7, -4/61 HPs)
             Began as a Minotaur Hexslinger on July 9, 2023.
             Slain by a gnoll sergeant
             ... wielding a +2 spear of venom
              (5 damage)
             ... on level 5 of the Dungeon.
             The game lasted 00:01:36 (4349 turns).

qw the Skirmisher (Minotaur Hexslinger)             Turns: 4349, Time: 00:01:37

Health: -4/61      AC: 11    Str: 12    XL:     7   Next: 75%
Magic:  7/7        EV: 13    Int: 10    God:
Gold:   236        SH:  5    Dex: 15    Spells: 7/8 levels left

rFire   . . .        Y - +2 sling
rCold   . . .        (no shield)
rNeg    . . .        i - +2 robe {Will+}
rPois   .            b - +2 hat
rElec   .            (no cloak)
rCorr   .            (no gloves)
SInv    .            l - +0 pair of boots
Will    +....        d - amulet of reflection
Stlth   +            j - +4 ring of protection
HPRegen 0.30/turn    (no ring)
MPRegen 0.10/turn

%: reflection
@: lethally poisoned (-4 -> -22)
A: horns 2, retaliatory headbutt
a: no special abilities


You were on level 5 of the Dungeon.
You visited 1 branch of the dungeon, and saw 5 of its levels.

You collected 236 gold pieces.


Innate Abilities, Weirdness & Mutations

You have a pair of horns on your head.
You reflexively headbutt those who attack you in melee.


   Skills:
 - Level 5.0 Fighting
 + Level 8.1 Ranged Weapons
 - Level 2.0 Armour
 - Level 3.3 Dodging
 - Level 1.0 Spellcasting
 - Level 2.0 Hexes


You had 7 spell levels left.
You knew the following spells:

 Your Spells              Type           Power      Damage    Failure   Level
a - Slow                  Hex            16%        N/A       16%         1

Your spell library contained the following spells:

 Spells                   Type           Power      Damage    Failure   Level
 Inner Flame              Hex/Fire       2%         N/A       56%         3
 Portal Projectile        Hex/Tloc       4%         N/A       56%         3
 Cause Fear               Hex            2%         N/A       83%         4

Inventory:

Hand Weapons
 Y - a +2 sling (weapon)
Armour
 b - a +2 hat (worn)
 i - a +2 robe of willpower (worn)
 l - a +0 pair of boots (worn)
Jewellery
 d - an amulet of reflection (around neck)
 j - a +4 ring of protection (left hand)
Scrolls
 a - a scroll of identify
Potions
 e - a potion of mutation
 g - a potion of might
 m - a potion of curing
 n - a potion of brilliance {unknown}
 o - a potion of enlightenment {unknown}

Dungeon Overview and Level Annotations

Branches:
Dungeon (5/15)
 Temple: D:4-7

Altars:

Annotations:
D:5 exclusion: 3 gnoll sergeants


Message History

You shoot a sling bullet.
The sling bullet hits the gnoll sergeant but does no damage.
The gnoll sergeant is lightly wounded.
You feel very sick.
The gnoll sergeant hits you from afar with a +2 spear of venom!
You are more poisoned.
You shoot a sling bullet.
The sling bullet hits the gnoll sergeant.
The gnoll sergeant is moderately wounded.
You feel very sick.
The gnoll sergeant hits you from afar with a +2 spear of venom!
You feel very sick. The gnoll sergeant closely misses you.
You feel very sick.
You feel sick.
You feel sick.
You start resting.
You feel sick.
A gnoll sergeant is nearby!
You shoot a sling bullet.
The sling bullet hits the gnoll sergeant but does no damage.
The gnoll sergeant is moderately wounded.
You feel sick. The gnoll sergeant misses you.
You shoot a sling bullet.
The sling bullet hits the gnoll sergeant but does no damage.
The gnoll sergeant is moderately wounded.
You feel sick.
The gnoll sergeant hits you but does no damage.
You are more poisoned.
You shoot a sling bullet.
The sling bullet closely misses the gnoll sergeant.
You feel sick.
The gnoll sergeant hits you with a +2 spear of venom!
You are more poisoned.
You shoot a sling bullet.
The sling bullet hits the gnoll sergeant.
The gnoll sergeant is moderately wounded.
You feel very sick.
The gnoll sergeant hits you with a +2 spear of venom.
You die...

##### ####.#
..... .(##.###
..... #.##...
#.#..####.##..#
#/..'.##.##..#
#.#..#g.#.##..#
.... ##.#@##..#
....
#..g.....########
###
##.#.##..........
#.#.....########
#.####<##
......))#
#..###..# #..#
#..# #.. #..#


You could see a gnoll sergeant.

Vanquished Creatures
  Grinder (D:3)
  An ice beast (D:3)
  A scorpion (D:3)
  2 hounds (D:4)
  A jelly (D:4)
  2 orc priests
  4 sleepcaps (D:4)
  Natasha (thrice) (D:2)
  3 orc wizards (D:4)
  4 adders
  A dart slug (D:2)
  8 orcs
  7 endoplasms
  5 giant cockroaches
  10 goblins
  6 hobgoblins
  3 jackals (D:1)
  4 kobolds
  A quokka (D:4)
  5 ball pythons
  11 bats
  4 frilled lizards
  11 rats
98 creatures vanquished.

Notes
Turn   | Place    | Note
-------+----------+-------------------------------------------
     0 | D:1      | qw the Minotaur Hexslinger began the quest for the Orb.
     0 | D:1      | Reached XP level 1. HP: 16/16 MP: 1/1
     0 | D:1      | 0 ||| qw: Version: 0.3-a-51-g015441d
     0 | D:1      | 0 ||| qw: Game counter: 3881
     0 | D:1      | 0 ||| qw: Melee chars always use a shield: true
     0 | D:1      | 0 ||| qw: God list: Okawaru
     0 | D:1      | 0 ||| qw: Allow faded altars: false
     0 | D:1      | 0 ||| qw: Do Orc after clearing Dungeon:15 true
     0 | D:1      | 0 ||| qw: Do second Lair branch before Depths: true
     0 | D:1      | 0 ||| qw: Lair rune preference: random
     0 | D:1      | 0 ||| qw: Goals: Normal
     0 | D:1      | 0 ||| PLANNING D:1-11
   161 | D:1      | Reached skill level 3 in Ranged Weapons
   260 | D:1      | Reached XP level 2. HP: 23/23 MP: 2/2
   275 | D:1      | 275 ||| FLEEEEING.
   276 | D:1      | 276 ||| FLEEEEING.
   277 | D:1      | 277 ||| FLEEEEING.
   278 | D:1      | 278 ||| FLEEEEING.
   535 | D:1      | Reached XP level 3. HP: 27/29 MP: 3/3
   917 | D:1      | 917 ||| UPGRADING to +0 ring mail.
   927 | D:1      | 927 ||| DROPPING +0 robe.
   928 | D:1      | 928 ||| UPGRADING to +0 pair of boots.
   933 | D:1      | 933 ||| UPGRADING to +4 ring of protection.
   934 | D:1      | 934 ||| READING scroll labelled MAWIEPTEKKAHET.
   935 | D:1      | 935 ||| READING scroll labelled XAHO FAGUMOWN.
   936 | D:1      | 936 ||| READING scroll labelled UCI XIOREOTUED.
   937 | D:1      | 937 ||| READING scroll labelled JEPANW KEALOSCH.
   938 | D:1      | 938 ||| DRINKING 2 puce potions.
   939 | D:1      | 939 ||| DROPPING scroll of poison.
   940 | D:1      | 940 ||| DROPPING potion of attraction.
  1001 | D:2      | Reached skill level 4 in Ranged Weapons
  1021 | D:2      | Noticed Natasha
  1027 | D:2      | Killed Natasha
  1028 | D:2      | Reached XP level 4. HP: 34/36 MP: 4/4
  1029 | D:2      | Noticed Natasha
  1035 | D:2      | Killed Natasha
  1202 | D:2      | Noticed Natasha
  1209 | D:2      | Killed Natasha
  1210 | D:2      | Reached skill level 5 in Ranged Weapons
  1210 | D:2      | Reached XP level 5. HP: 26/41 MP: 5/5
  1777 | D:2      | 1777 ||| UPGRADING to +2 robe of willpower.
  1787 | D:2      | 1787 ||| DROPPING +0 ring mail.
  1788 | D:2      | 1788 ||| UPGRADING to amulet of reflection.
  1793 | D:2      | 1793 ||| READING scroll labelled PILEECZ EXZOWN.
  1794 | D:2      | 1794 ||| READING scroll labelled IMOCWE SARU.
  1795 | D:2      | 1795 ||| DRINKING 2 sedimented coppery potions.
  1849 | D:2      | 1849 ||| READING 2 scrolls of identify.
  1849 | D:2      | 1849 ||| IDENTIFYING fuming sapphire potion
  1850 | D:2      | 1850 ||| DROPPING potion of lignification.
  2244 | D:3      | Noticed an ice beast
  2253 | D:3      | Killed an ice beast
  2452 | D:3      | Noticed Grinder
  2468 | D:3      | Killed Grinder
  2469 | D:3      | Reached skill level 6 in Ranged Weapons
  2469 | D:3      | Reached XP level 6. HP: 51/53 MP: 6/6
  2502 | D:3      | Reached XP level 7. HP: 29/60 MP: 7/7
  2646 | D:3      | Reached skill level 7 in Ranged Weapons
  2973 | D:3      | 2973 ||| READING scroll labelled GASCHIN FOA.
  2974 | D:3      | 2974 ||| DRINKING 2 golden potions.
  2975 | D:3      | 2975 ||| DRINKING 2 glowing red potions.
  2976 | D:3      | 2976 ||| READING 2 scrolls of identify.
  2976 | D:3      | 2976 ||| IDENTIFYING murky inky potion
  3396 | D:4      | HP: 4/60 [sleepcap (16)]
  3397 | D:4      | 3397 ||| DRINKING potion of heal wounds.
  3401 | D:4      | HP: 13/60 [sleepcap (10)]
  3735 | D:4      | Reached skill level 8 in Ranged Weapons
  4033 | D:4      | 4033 ||| UPGRADING to +2 hat.
  4038 | D:4      | 4038 ||| READING 2 scrolls of identify.
  4038 | D:4      | 4038 ||| IDENTIFYING clear potion
  4039 | D:4      | 4039 ||| DROPPING potion of magic.
  4061 | D:5      | Entered Level 5 of the Dungeon
  4066 | D:5      | 4066 ||| STAIRDANCE
  4140 | D:5      | 4140 ||| STAIRDANCE
  4187 | D:5      | 4187 ||| STAIRDANCE
  4192 | D:4      | Reached skill level 3 in Dodging
  4346 | D:5      | HP: 15/61 [poisoned by a gnoll sergeant]
  4348 | D:5      | HP: 5/61 [gnoll sergeant/+2 spear of venom (7)]
  4349 | D:5      | HP: 1/61 [poisoned by a gnoll sergeant]
  4349 | D:5      | Slain by a gnoll sergeant

Levels and vault maps discovered:
D:1:      dpeg_arrival_prison, layout_basic, serial_co_window_serial,
          co_window_paths_a, co_window_paths_a, co_window_corner_a,
          co_window_corner_a, co_window_paths_a, co_window_corner_b,
          co_window_corner_b, co_window_broadway_b, glass_columns_a,
          glass_columns_a, glass_columns_b, glass_columns_c
D:2:      layout_basic, uniq_natasha
D:3:      layout_loops_corners, uniq_grinder
D:4:      layout_loops_corners, kennysheep_cross_room, hellmonk_no_cap
D:5:      layout_loops_ring, minmay_temple_entry_purple_smoke,
          kennysheep_generic_room_10

Skill      XL: |  1  2  3  4  5  6  7 |
---------------+----------------------+-----
Ranged Weapons | 3 4 5 6 8 |  8.1
Fighting       | 2 4 5 |  5.0
Armour         | 2 |  2.0
Dodging        | 3 |  3.3
Spellcasting   | |  1.0
Hexes          | |  2.0

Action                     |  1- 3 |  4- 6 |  7- 9 || total
---------------------------+-------+-------+-------++-------
   Fire: Sling             |   101 |   136 |   142 ||   379
    Use: Scroll            |     4 |     3 |     3 ||    10
         Potion            |     1 |     1 |     3 ||     5
 Armour: Robe              |    11 |    10 |    26 ||    47
         Ring mail         |     5 |    10 |       ||    15
  Dodge: Dodged            |    37 |    39 |    49 ||   125
  Block: Other             |       |     8 |    13 ||    21

Table legend:
 A = Non-vault XP
 B = Vault XP
 C = Vault XP percentage of total XP
 D = Non-vault monster count
 E = Vault monster count
 F = Vault count percentage of total count
                 A         B        C        D         E       F
            +---------+---------+-------+---------+---------+-------
      Total |     819 |     435 |  34.7 |      90 |       8 |   8.2
            +---------+---------+-------+---------+---------+-------
        D:1 |      46 |       3 |   6.1 |      27 |       2 |   6.9
        D:2 |     124 |      35 |  22.0 |      22 |       1 |   4.3
        D:3 |     257 |     281 |  52.2 |      22 |       1 |   4.3
        D:4 |     346 |     116 |  25.1 |      17 |       4 |  19.0
        D:5 |      46 |       0 |   0.0 |       2 |       0 |   0.0
            +---------+---------+-------+---------+---------+-------
